Description

Strong all-in vs non-stargate builds.

VOD

https://www.youtube.com/watch?v=wX6Bco8SO78

Replay - 2025-12-31 - (P)DnS VS (P)Ricus

Build Order

Get SALT Encoding   

  12  0:00  Probe  
  13  0:12  Probe  
  14  0:17  Pylon  
  14  0:24  Probe  
  15  0:32  Probe  
  15  0:37  Gateway  Scout after gateway
  15  0:40  Probe  
  16  0:46  Assimilator  
  17  0:51  Probe  
  17  0:56  Assimilator  
  18  0:59  Probe  
  19  1:07  Probe  
  19  1:08  Gateway  
  19  1:17  Probe  
  20  1:24  Cybernetics Core  
  21  1:29  Probe  
  22  1:36  Pylon  
  24  1:58  Stalker  
  24  2:00  Sentry  
  28  2:01  Warp Gate  
  29  2:12  Pylon  
  29  2:19  Pylon  
  29  2:23  Sentry  
  31  2:36  Sentry  
  33  2:37  Phoenix  Hallucination to scout
  33  2:41  Nexus  
  34  2:52  Shield Battery  
  34  3:00  Robotics Facility  
  35  3:19  Pylon  
  36  3:24  Phoenix  Hallucination to scout
  38  3:35  Immortal (Chrono Boost)  
  38  3:43  Twilight Council  
  45  4:03  Resonating Glaives (Chrono Boost)  
  45  4:07  Immortal (Chrono Boost)  
  53  4:28  Gateway x2  
  54  4:36  Gateway  
  54  4:41  Gateway x2  
  54  4:42  Warp Prism (Chrono Boost)  Rally across the map
  56  5:00  Adept x2  
  60  5:18  Observer  
  61  5:24  Adept x4  
  69  5:47  Adept x4  
Spawning Tool Build Advisor. Get it on Overwolf

Analysis

If you scout a stargate, DnS recommends getting a 3rd base and going for a 3 base Chargelot-Immortal-Archon attack. Blink also works.

Benchmark: Hit their natural at 6:00 with 78 supply.

The micro is the difficult part of this build. It is imperative that you keep both immortals and the prism alive. You can use your sentries to force field their units out. You must also decide where and when to shade your adepts. You could shade 3 adepts into their main, or split all your adepts between their mineral lines to try to eviscerate their economy, or just focus on destroying their army.

Go to:

Details

  • Created by: flashandfoul
  • Published on: Feb 06, 2026
  • Modified on: Mar 18, 2026
  • Patch: 5.0.11
  • Difficulty: Medium
Show
View Real Time Build Order
Export as new Build Order

Comments (0)

There are no comments. Be the first!

Create an account to comment!